AoeStats
← Cinnamoroll

Fortress

507431581Analyzed
4v4 RM · 13d ago on Sep 18, 2026· 33m 3s· 8 players
Game mode
Random Map
Map size
Huge
Population
200
Speed
Normal
Resources
Standard
Victory
Conquest
Starting age
Dark Age
Ending age
Imperial Age
RankedLock teamsTeams togetherTeam positionsShared explorationLock speedFull tech treeHidden civsTurbo modeCheats
Victory
Defeat
🇲🇽 Vikings · Mexico
1716
+9
🇨🇦 Persians · Canada
1540
+16
🇨🇴 Armenians · Colombia
1539
+16
🇲🇽 Burmese · Mexico
1352
+23
🇯🇵 Berbers · Japan
1572
-17
🇩🇪 Tatars · Germany
1561
-17
🇨🇳 Byzantines · China
1554
-17
🇨🇳 Britons · China
1462
-13
[SotC] Spirit
8:04 Feudal Age
9:23 Double-Bit Axe
9:46 Horse Collar
12:24 Castle Age
13:22 Heavy Plow
13:33 Bow Saw
19:43 Gold Mining
21:04 Gold Shaft Mining
20:45 Stone Mining
24:15 Imperial Age
21:33 Loom
22:53 Scale Mail Armor
23:04 Forging
24:02 Chain Mail Armor
24:15 Squires
24:00 Arson
24:20 Capped Ram
25:44 Iron Casting
27:44 Conscription
27:48 Siege Ram
29:17 Plate Mail Armor
29:27 Chieftains
30:55 Blast Furnace
30:31 Fletching
30:42 Padded Archer Armor
30:32 Elite Berserk
32:51 Bodkin Arrow
33:11 Leather Archer Armor
33:19 Ballistics
33:12 Masonry
32:43 Treadmill Crane
Cinnamoroll
9:26 Feudal Age
10:27 Double-Bit Axe
10:23 Horse Collar
13:06 Castle Age
14:01 Bow Saw
13:53 Heavy Plow
14:53 Wheelbarrow
16:13 Loom
20:36 Town Watch
21:45 Hand Cart
23:07 Gold Mining
26:44 Imperial Age
25:30 Forging
26:08 Gold Shaft Mining
25:24 Stone Mining
27:39 Conscription
27:35 Elite War Elephant
29:24 Scale Barding Armor
29:55 Iron Casting
31:17 Two-Man Saw
32:17 Chain Barding Armor
32:22 Husbandry
32:39 Bloodlines
Sigi
4:38 Loom
4:46 Loom
7:31 Feudal Age
11:22 Castle Age
9:44 Horse Collar
12:10 Heavy Plow
14:04 Loom
14:25 Gold Mining
17:47 Husbandry
19:19 Fletching
19:06 Elite Skirmisher
20:47 Bodkin Arrow
21:45 Ballistics
22:15 Padded Archer Armor
27:33 Stone Mining
29:07 Wheelbarrow
32:30 Imperial Age
30:53 Gold Shaft Mining
32:45 Town Watch
33:37 Bracer
Astronomical
7:39 Feudal Age
11:16 Castle Age
9:25 Double-Bit Axe
9:35 Horse Collar
12:26 Bow Saw
15:03 Fervor
15:02 Gold Mining
16:55 Loom
20:03 Wheelbarrow
19:43 Town Watch
20:07 Heavy Plow
20:05 Stone Mining
22:34 Gold Shaft Mining
25:45 Imperial Age
23:32 Fletching
23:42 Padded Archer Armor
24:50 Bodkin Arrow
25:16 Ballistics
26:10 Leather Archer Armor
26:07 Fortified Wall
26:31 Bracer
27:33 Chemistry
26:55 Conscription
26:29 Elite Skirmisher
27:57 Ring Archer Armor
28:11 Hand Cart
28:20 Cilician Fleet
29:18 Masonry
29:19 Forging
29:23 Town Patrol
29:45 Sanctity
28:57 Elite Composite Bowman
33:39 Fereters
enzoyin68
7:33 Feudal Age
11:09 Castle Age
9:31 Double-Bit Axe
9:45 Horse Collar
12:16 Bow Saw
13:11 Heavy Plow
18:41 Wheelbarrow
18:54 Stone Mining
20:59 Hand Cart
21:36 Gold Mining
26:57 Imperial Age
24:15 Loom
25:09 Gold Shaft Mining
25:16 Fletching
25:26 Padded Archer Armor
25:49 Ballistics
26:16 Bodkin Arrow
25:45 Pikeman
26:25 Squires
26:27 Scale Mail Armor
27:12 Forging
28:28 Conscription
28:34 Yeomen
28:33 Chain Mail Armor
28:19 Bracer
29:34 Two-Man Saw
28:11 Halberdier
30:11 Chemistry
29:34 Warwolf
29:15 Capped Ram
30:35 Plate Mail Armor
30:40 Iron Casting
30:21 Leather Archer Armor
30:33 Siege Engineers
30:38 Elite Longbowman
b4ron1
7:38 Feudal Age
11:12 Castle Age
9:20 Double-Bit Axe
9:59 Horse Collar
11:27 Loom
15:04 Bow Saw
20:02 Wheelbarrow
20:04 Gold Mining
21:38 Heavy Plow
26:08 Imperial Age
23:35 Town Watch
24:41 Scale Barding Armor
24:46 Forging
24:26 Fletching
25:47 Hand Cart
25:35 Town Patrol
26:15 Chain Barding Armor
26:28 Bloodlines
27:40 Iron Casting
27:12 Husbandry
27:09 Bodkin Arrow
27:51 Conscription
27:45 Stone Mining
28:32 Gold Shaft Mining
27:46 Cavalier
29:47 Plate Barding Armor
30:04 Light Cavalry
god comic
7:40 Feudal Age
11:08 Castle Age
9:22 Double-Bit Axe
9:18 Horse Collar
10:01 Gold Mining
10:16 Fletching
13:36 Bodkin Arrow
15:27 Town Watch
16:37 Padded Archer Armor
17:38 Leather Archer Armor
21:57 Heavy Plow
27:49 Scale Barding Armor
28:31 Husbandry
28:41 Bloodlines
32:24 Loom
33:15 Wheelbarrow
32:50 Town Patrol
_XD_XiaoXiao
7:30 Feudal Age
11:08 Castle Age
9:16 Horse Collar
9:34 Double-Bit Axe
12:03 Bow Saw
13:40 Wheelbarrow
14:14 Heavy Plow
16:37 Gold Mining
17:26 Stone Mining
18:04 Loom
23:57 Imperial Age
22:20 Stone Shaft Mining
21:22 Pikeman
22:02 Squires
22:28 Scale Mail Armor
22:56 Forging
23:23 Hand Cart
23:02 Arson
24:00 Chain Mail Armor
25:33 Iron Casting
24:37 Halberdier
26:10 Conscription
26:21 Plate Mail Armor
27:03 Ballistics
30:56 Chemistry
31:46 Fletching
33:01 Bodkin Arrow
Connection lost

Rejoining the realm…

Still unreachable

The connection could not be restored.

Session expired

The server has moved on; the page needs a fresh start.